 Dungeon Crawl Stone Soup version 0.18-a0-1-gfac8111 (webtiles) character file.

322170 mrath the Eclecticist (level 21, 0/132 HPs)
             Began as a Gargoyle Earth Elementalist on Oct 28, 2015.
             Was the Champion of Vehumet.
             Slain by a deep troll shaman (3 damage)
             ... led by an ironheart preserver
             ... on level 2 of the Vaults on Oct 30, 2015.
             The game lasted 18:41:34 (86608 turns).

mrath the Eclecticist (GrEE)                       Turns: 86608, Time: 18:41:36

Health: 0/132      AC: 45    Str: 14    XL:     21   Next: 54%
Magic:  28/42      EV: 18    Int: 24    God:    Vehumet [******]
Gold:   2409       SH:  9    Dex: 11    Spells: 11 memorised, 17 levels left

rFire  . . .     SeeInvis +     e - +9 whip (elec)
rCold  . . .     Clarity  +     P - +4 robe of Satisfaction {rElec rPois rCorr Dex-2}
rNeg   + . .     SustAt   .     B - +3 buckler {AC+3}
rPois  ∞         Gourm    .     I - +4 helmet of Greed {Slay+5}
rElec  +         Spirit   .     b - +0 cloak
rCorr  +         Warding  .     C - +0 pair of gloves
rMut   .         Stasis   .     j - +1 pair of boots of Exzoericis {Dex+3 Stlth+}
MR     +....                    F - amulet of resist corrosion
Stlth  +++.......               D - ring of see invisible
                                Y - +5 ring of protection

@: about to teleport, stone skin, flying, repel missiles, somewhat resistant to
hostile enchantments, fairly stealthy
A: big wings, repulsion field 1, clarity, negative energy resistance 1,
electricity resistance, unbreathing, petrification resistance, rot immunity, AC
+15
a: Stop Flying, Renounce Religion
}: 2/15 runes: serpentine, barnacled


You were on level 2 of the Vaults.
You worshipped Vehumet.
Vehumet was exalted by your worship.
You were hungry.

You visited 8 branches of the dungeon, and saw 41 of its levels.
You also visited: Labyrinth.

You collected 4099 gold pieces.
You spent 1690 gold pieces at shops.

Inventory:

Hand Weapons
 e - a +9 whip of electrocution (weapon)
 U - a +3 hunting sling of velocity
Missiles
 n - 83 tomahawks
 x - 3 exploding tomahawks
 M - 52 javelins (quivered)
Armour
 b - a +0 cloak (worn)
 j - the +1 pair of boots of Exzoericis (worn) {Dex+3 Stlth+}
   (You found it on level 1 of the Snake Pit)

   It affects your dexterity (+3).
   It makes you more stealthy.
 B - a +3 buckler of protection (worn)
 C - a +0 pair of gloves (worn)
 E - a +2 robe of magic resistance
 I - the +4 helmet of Greed (worn) {Slay+5}
   (You found it on level 8 of the Lair of Beasts)

   It affects your accuracy and damage with ranged weapons and melee attacks
   (+5).
 P - the +4 robe of Satisfaction (worn) {rElec rPois rCorr Dex-2}
   (You found it on level 1 of the Vaults)

   It affects your dexterity (-2).
   It insulates you from electricity.
   It protects you from poison.
   It protects you from acid and corrosion.
Jewellery
 u - an uncursed ring of protection from magic
 v - an uncursed amulet of resist mutation
 D - a ring of see invisible (right hand)
 F - an amulet of resist corrosion (around neck)
 N - the ring of Eternal Harmony {rPois Int+4 Dex+6}
   (You took it off a siren on level 4 of the Shoals)

   [ring of dexterity]

   It affects your intelligence (+4).
   It affects your dexterity (+6).
   It protects you from poison.
 Y - a +5 ring of protection (left hand)
Wands
 d - a wand of disintegration (16)
 f - a wand of cold (7)
 r - a wand of fire (14)
 A - a wand of teleportation (3)
 T - a wand of fire (5)
Scrolls
 c - 4 scrolls of identify
 g - a scroll of torment {unknown}
 i - 12 scrolls of fog
 k - 2 scrolls of enchant weapon
 q - 3 scrolls of blinking
 s - 9 scrolls of teleportation
 t - 3 scrolls of magic mapping
 y - 12 scrolls of remove curse
 L - a scroll of amnesia {unknown}
 S - 8 scrolls of fear
 Z - a scroll of recharging
Potions
 h - 2 potions of might
 o - 9 potions of curing
 w - 3 potions of agility
 z - 2 potions of cancellation
 G - a potion of brilliance
 J - a potion of resistance
 K - 2 potions of haste
 O - 3 potions of heal wounds
 W - 5 potions of invisibility
 X - 3 potions of magic
Books
 l - a book of Changes

   Spells                             Type                      Level
   a - Beastly Appendage              Transmutation                1
   b - Sticks to Snakes               Transmutation                2
   c - Spider Form                    Transmutation/Poison         3
   d - Ice Form                       Ice/Transmutation            4
   e - Blade Hands                    Transmutation                5
 R - a book of the Tempests

   Spells                             Type                      Level
   a - Static Discharge               Conjuration/Air              3
   b - Lightning Bolt                 Conjuration/Air              5
   c - Fireball                       Conjuration/Fire             5
   d - Tornado                        Air                          9
   e - Shatter                        Earth                        9
Miscellaneous
 m - a sack of spiders
 H - a fan of gales
Comestibles
 a - 3 meat rations
 p - 2 bread rations
 Q - 21 chunks of flesh


   Skills:
 + Level 14.4 Fighting
 - Level 8.6(9.9) Maces & Flails
   Level 7.6(9.4) Staves
 - Level 8.5 Armour
 - Level 9.6 Dodging
 - Level 2.1 Stealth
 - Level 8.5 Shields
 * Level 17.6 Spellcasting
 + Level 14.5 Conjurations
 - Level 0.7 Transmutations
 + Level 17.0 Earth Magic
 + Level 12.3 Evocations


You had 17 spell levels left.
You knew the following spells:

 Your Spells              Type           Power        Failure   Level  Hunger
a - Sandblast             Erth           ######       0%          1    None
b - Stoneskin             Trmt/Erth      ######..     1%          2    None
c - Stone Arrow           Conj/Erth      ######       0%          3    None
d - Lee's Rapid Deconstr  Erth           #######...   1%          5    None
e - Conjure Flame         Conj/Fire      ######..     1%          3    None
f - Mephitic Cloud        Conj/Pois/Air  #####...     1%          3    None
g - Fireball              Conj/Fire      ######....   1%          5    None
h - Bolt of Magma         Conj/Fire/Erth ######....   1%          5    None
i - Iron Shot             Conj/Erth      #######...   1%          6    ####...
j - Repel Missiles        Chrm/Air       ###...       4%          2    None
k - Ignite Poison         Fire/Trmt/Pois ###.....     2%          3    None


Dungeon Overview and Level Annotations

Branches:
Dungeon (15/15)            Temple (1/1) D:4            Lair (8/8) D:11
 Shoals (4/4) Lair:3        Snake (4/4) Lair:6        Slime (0/6) Lair:6
    Orc (4/4) D:11            Elf (2/3) Orc:3        Vaults (3/5) D:14
  Crypt (0/3) Vaults:3     Depths (0/5) D:15

Altars:
Ashenzari
Cheibriados
Dithmenos
Elyvilon
Fedhas
Gozag
Kikubaaqudgha
Makhleb
Nemelex Xobeh
Okawaru
Qazlal
Ru
Sif Muna
Trog
Vehumet
Xom
Yredelemnul
Zin
The Shining One
Jiyva

Shops:
D:6 ?   Orc:2 ?   Orc:4 }(=:   Elf:1 }   Shoals:3 :   Vaults:2 (   Vaults:3 }

Portals:
Trove: Vaults:1 (show slimy rune of Zot)

Annotations:
Lair:3 exclusion: oklob plant
Lair:6 1 runed door
Lair:8 exclusion: oklob plant
Snake:2 exclusion: 2 oklob plants, Wiglaf


Innate Abilities, Weirdness & Mutations

You are resistant to torment.
Your stone body is resilient (AC +15).
You are immune to poison.
Your large and strong wings let you fly indefinitely.
You resist negative energy.
You are resistant to electric shocks.
You can survive without breathing.
You are immune to petrification.
You are immune to rotting.
You are surrounded by a mild repulsion field (EV +2).
You possess an exceptional clarity of mind.


Message History

The deep troll shaman closely misses you.
You block the deep troll shaman's attack.
The deep troll completely misses you. The deep troll claws you!!
* * * LOW HITPOINT WARNING * * *
The deep troll barely misses you.
Read which item? (? for menu, Esc to quit)
As you read the scroll of teleportation, it crumbles to dust.
You feel strangely unstable. The deep troll misses you.
The deep troll misses you. The deep troll claws you!
* * * LOW HITPOINT WARNING * * *
The deep troll shaman mumbles some strange prayers to its god.
The deep troll shaman is healed somewhat.
You thrash the deep troll shaman!!
The deep troll shaman is almost dead.
The deep troll bites you!
* * * LOW HITPOINT WARNING * * *
The deep troll misses you. The deep troll barely misses you.
You block the deep troll shaman's attack.
The deep troll shaman claws you.
You die...

#..#.......# #....##..
#..#.......# #....##..
#..#.......# #....'...
#..#.......# #....####
#..#.......# #....#
#..#.......# #....#
#..#....>..# #....#
#..#...TT..# #....#
#..#....@..# #....#
#..#.......# #....#
#..###'##########....#
#......†.............####
#........................
#........................
#########################


You could see a deep troll and a deep troll shaman.

Vanquished Creatures
  Rupert (Orc:4)
  A sphinx (Vaults:1)
  Gastronok (D:12)
  Roxanne (Elf:2)
  7 greater nagas
  Ilsuiw (Shoals:4)
  An orc warlord (Vaults:2)
  Donald (Orc:4)
  Maud (D:12)
  8 vault wardens
  A juggernaut zombie (D:15)
  3 ironheart preservers
  2 very ugly things (Vaults:3)
  2 stone giants
  4 dire elephants (Lair:8)
  A deep elf demonologist (Vaults:3)
  Azrael (Orc:3)
  A deep elf annihilator (Vaults:3)
  A minotaur (Lab)
  5 merfolk javelineers
  4 merfolk impalers
  2 deep elf death magi
  An ettin (Vaults:3)
  A crystal guardian (Vaults:3)
  Josephine (Lair:5)
  2 fire dragons
  5 yaktaur captains
  Fannar (D:12)
  8 hydras
  18 naga warriors
  2 death knights (Vaults:3)
  4 merfolk avatars
  Erica (D:9)
  6 centaur warriors
  6 merfolk aquamancers
  2 catoblepae
  17 dancing weapons
  10 anacondas
  7 ogre magi
  9 satyrs
  3 large abominations (Elf:1)
  5 orc high priests
  15 naga sharpshooters
  7 shock serpents
  A deep troll earth mage (Vaults:1)
  12 deep elf knights
  A fire crab (shapeshifter) (D:13)
  10 sea snakes
  7 skeletal warriors
  3 unseen horrors
  7 deep elf summoners
  A flayed ghost (Vaults:3)
  2 wizards
  9 deep trolls
  11 naga ritualists
  6 hill giants
  11 orc knights
  The ghost of st0uf the Ducker, a novice DrVM of Sif Muna (D:6)
  13 harpies
  A harpy (shapeshifter) (Elf:2)
  10 deep elf conjurers
  4 necromancers
  15 griffons
  7 ironbrand convokers
  A phantasmal warrior (D:15)
  9 mana vipers
  A frost giant zombie (D:15)
  A wolf spider (Vaults:3)
  12 salamanders
  4 water nymphs
  10 cyclopes
  A hornet (Vaults:3)
  18 fauns
  A guardian serpent (shapeshifter) (D:14)
  32 ugly things
  5 orc sorcerers
  30 naga magi
  9 vault sentinels
  49 black mambas
  8 sirens
  6 guardian serpents
  5 manticores
  Maurice (D:8)
  10 elephants
  3 black mambas (shapeshifter)
  5 gargoyles
  9 centaur skeletons
  A torpor snail (Lair:8)
  A kobold demonologist (D:14)
  6 deep elf priests
  21 spiny frogs
  3 fire drakes
  24 yaktaurs
  An efreet (D:13)
  A queen bee (shapeshifter) (D:15)
  A freezing wraith (D:14)
  11 two-headed ogres
  7 komodo dragons
  7 trolls
  31 merfolk
  A polar bear (Lair:5)
  Prince Ribbit (D:5)
  10 snapping turtles
  2 boulder beetles
  34 slime creatures
  16 blink frogs
  2 trapdoor spiders
  A frost giant simulacrum (Vaults:3)
  5 redbacks (Vaults:3)
  8 wyverns
  17 deep elf magi
  2 shadows (D:14)
  18 water elementals
  3 fire elementals (Orc:3)
  75 yaks
  A human (shapeshifter) (Vaults:3)
  A fire bat (shapeshifter) (Vaults:2)
  6 wraiths
  3 basilisks
  35 deep elf fighters
  18 hippogriffs
  A hungry ghost (D:14)
  3 mottled dragons
  31 vampire mosquitoes
  A tengu zombie (D:15)
  8 wolves
  20 water moccasins
  6 wargs
  47 nagas
  15 porcupines
  3 swamp drakes (Lair:1)
  A water moccasin (shapeshifter) (Vaults:1)
  4 hell hounds
  3 necrophages
  5 sky beasts
  38 ogres
  45 orc warriors
  An eye of draining (D:13)
  6 ice beasts
  4 black bears
  2 phantoms
  23 crocodiles
  12 centaurs
  2 brain worms
  An ogre (shapeshifter) (D:14)
  4 elf zombies
  Blork the orc (D:7)
  29 giant frogs
  4 big kobolds
  A deep troll simulacrum (Vaults:2)
  2 wyvern zombies
  6 gnoll sergeants
  3 scorpions
  3 wights (D:11)
  26 killer bees
  2 electric eels
  2 giant frog zombies
  10 crimson imps
  A quasit (D:11)
  4 centaur zombies
  39 orc wizards
  39 orc priests
  3 giant frog skeletons
  7 jellies
  5 hounds
  24 iguanas
  39 sheep
  11 worker ants
  3 hound skeletons
  16 gnolls
  52 river rats
  2 worker ant zombies
  12 adders
  5 shadow imps
  13 oozes
  An adder skeleton (D:4)
  3 worms
  8 giant geckos
  247 orcs
  3 ball pythons
  15 bats
  3 giant cockroaches
  8 hobgoblins
  4 jackals
  6 quokkas
  A ball python skeleton (D:4)
  2 giant gecko skeletons (D:8)
  7 giant newts
  9 goblins
  12 kobolds
  A quokka zombie (D:5)
  16 rats
  5 fungi
  5 plants
1923 creatures vanquished.

Vanquished Creatures (others)
  A guardian serpent (Snake:4)
  A naga (Snake:4)
  An orc (Orc:4)
  39 fungi
  39 plants
81 creatures vanquished.

Grand Total: 2004 creatures vanquished

Notes
Turn   | Place    | Note
--------------------------------------------------------------
     0 | D:1      | mrath the Gargoyle Earth Elementalist began the quest for the Orb.
     0 | D:1      | Reached XP level 1. HP: 10/10 MP: 3/3
   113 | D:1      | Reached skill level 4 in Earth Magic
   240 | D:1      | Reached XP level 2. HP: 15/15 MP: 3/5
   514 | D:1      | You fall through a shaft!
   514 | D:2      | Found a shattered altar of Ashenzari.
  1391 | D:2      | Found an opulent altar of Gozag.
  1395 | D:2      | Reached XP level 3. HP: 19/19 MP: 4/7
  1767 | D:2      | Learned a level 2 spell: Stoneskin
  1771 | D:2      | Learned a level 3 spell: Stone Arrow
  2122 | D:3      | Reached XP level 4. HP: 12/24 MP: 2/9
  2822 | D:3      | Found a basalt altar of Yredelemnul.
  2824 | D:3      | Found a radiant altar of Vehumet.
  2827 | D:3      | Found a stormy altar of Qazlal.
  2834 | D:3      | Became a worshipper of Vehumet
  2914 | D:3      | Found a glowing golden altar of the Shining One.
  3024 | D:3      | Reached XP level 5. HP: 28/28 MP: 7/10
  3088 | D:3      | Reached skill level 5 in Earth Magic
  3263 | D:3      | Reached skill level 1 in Conjurations
  3827 | D:4      | Found a staircase to the Ecumenical Temple.
  3834 | Temple   | Entered the Ecumenical Temple
  4030 | D:4      | Noticed a phantom
  4174 | D:4      | Learned a level 5 spell: Lee's Rapid Deconstruction
  4209 | D:4      | Found a blossoming altar of Fedhas.
  4209 | D:4      | Found a bloodstained altar of Trog.
  4348 | D:4      | Got a scorched quarterstaff
  4453 | D:4      | Reached XP level 6. HP: 32/32 MP: 8/12
  4581 | D:4      | Identified the +6 quarterstaff of Kashruycue {elec, rF+ Int+2} (You found it on level 4 of the Dungeon)
  4748 | D:5      | Entered Level 5 of the Dungeon
  4764 | D:4      | Killed a phantom
  4825 | D:5      | Got a distressingly furry large shield
  4842 | D:5      | Reached * piety under Vehumet
  4842 | D:5      | Offered knowledge of Flame Tongue by Vehumet.
  4898 | D:5      | Reached skill level 5 in Spellcasting
  4898 | D:5      | Reached skill level 6 in Earth Magic
  4898 | D:5      | Reached XP level 7. HP: 36/36 MP: 7/14
  4979 | D:5      | Noticed Prince Ribbit
  5002 | D:5      | Killed Prince Ribbit
  5593 | D:5      | Reached XP level 8. HP: 41/41 MP: 15/17
  6164 | D:6      | Found a burning altar of Makhleb.
  6210 | D:6      | Found Buiryh's Magic Scroll Shop.
  6214 | D:6      | Bought a scroll of remove curse for 39 gold pieces
  6214 | D:6      | Bought a scroll of identify for 26 gold pieces
  6214 | D:6      | Bought a scroll of magic mapping for 45 gold pieces
  6378 | D:6      | Found a sacrificial altar of Ru.
  6597 | D:6      | Noticed st0uf's ghost (novice DrVM)
  6678 | D:5      | Reached skill level 1 in Staves
  6980 | D:6      | Killed st0uf's ghost
  6980 | D:6      | Reached skill level 1 in Fighting
  6980 | D:6      | Reached skill level 1 in Armour
  6980 | D:6      | Reached skill level 7 in Earth Magic
  6980 | D:6      | Reached skill level 1 in Evocations
  7199 | D:6      | Reached ** piety under Vehumet
  7544 | D:7      | Reached XP level 9. HP: 40/49 MP: 10/19
  7693 | D:6      | Offered knowledge of Throw Flame by Vehumet.
  7788 | D:7      | Noticed Blork the orc
  7797 | D:7      | Killed Blork the orc
  7820 | D:7      | Found a glowing silver altar of Zin.
  7821 | D:7      | Found a shimmering altar of Xom.
  7821 | D:7      | Noticed an angel
  7879 | D:7      | Got a bloodstained rapier {antimagic}
  8405 | D:7      | Noticed a slime creature
  8585 | D:7      | Killed a slime creature
  8612 | D:7      | Offered knowledge of Throw Frost by Vehumet.
  8940 | Temple   | Learned a level 3 spell: Conjure Flame
  8944 | Temple   | Learned a level 3 spell: Mephitic Cloud
  9070 | D:6      | Bought a scroll of identify for 26 gold pieces
  9319 | D:8      | Reached *** piety under Vehumet
  9334 | D:8      | Found an iron altar of Okawaru.
  9379 | D:8      | Found a burning altar of Makhleb.
  9451 | D:8      | Reached skill level 5 in Conjurations
  9763 | D:8      | Reached XP level 10. HP: 43/56 MP: 13/21
  9805 | D:8      | Offered knowledge of Iskenderun's Mystic Blast by Vehumet.
  9896 | D:8      | Reached skill level 8 in Earth Magic
 10329 | D:8      | Noticed Maurice
 10342 | D:8      | Killed Maurice
 12302 | D:9      | Reached **** piety under Vehumet
 12432 | D:9      | Found a deep blue altar of Sif Muna.
 12466 | D:9      | Noticed Erica
 12754 | D:9      | Killed Erica
 12754 | D:9      | Reached skill level 5 in Fighting
 12754 | D:9      | Reached skill level 5 in Armour
 12754 | D:9      | Reached XP level 11. HP: 61/63 MP: 19/23
 12814 | D:9      | Offered knowledge of Fireball by Vehumet.
 12836 | D:9      | Learned a level 5 spell: Fireball
 13216 | Temple   | Identified the +3 large shield of Day {Int+3 Slay+2} (You found it on level 5 of the Dungeon)
 13394 | D:10     | Entered Level 10 of the Dungeon
 13639 | D:10     | Reached skill level 9 in Spellcasting
 14345 | D:10     | Reached skill level 1 in Shields
 14390 | D:10     | Found a shimmering altar of Xom.
 14890 | D:6      | Bought a scroll of enchant armour for 97 gold pieces
 15570 | D:11     | Killed an unseen horror
 15838 | D:11     | Found a staircase to the Lair.
 15949 | D:11     | Reached skill level 5 in Staves
 16019 | D:11     | Reached ***** piety under Vehumet
 16126 | D:11     | Offered knowledge of Bolt of Cold by Vehumet.
 16299 | D:11     | Found a staircase to the Orcish Mines.
 16314 | D:11     | Noticed a hill giant
 16468 | D:11     | Killed a hill giant
 17270 | Lair:1   | Entered Level 1 of the Lair of Beasts
 17464 | Lair:1   | Reached XP level 12. HP: 67/70 MP: 22/25
 17724 | Lair:1   | Reached skill level 5 in Evocations
 17873 | Lair:1   | Reached skill level 5 in Dodging
 18007 | Lair:1   | Got a heavily runed scale mail
 18425 | Lair:1   | Reached skill level 10 in Earth Magic
 18492 | Lair:1   | Offered knowledge of Bolt of Magma by Vehumet.
 18511 | Lair:1   | Learned a level 5 spell: Bolt of Magma
 18586 | Lair:1   | Reached skill level 10 in Spellcasting
 19043 | Temple   | Identified the cursed +0 scale mail of Nojunkit {rF+} (You found it on level 1 of the Lair of Beasts)
 20278 | Lair:2   | Noticed a five-headed hydra
 20286 | Lair:2   | Killed a five-headed hydra
 21003 | Lair:2   | Reached skill level 5 in Shields
 21670 | Lair:2   | Reached XP level 13. HP: 74/76 MP: 27/27
 23481 | Lair:3   | Found a staircase to the Shoals.
 25021 | Lair:4   | Offered knowledge of Bolt of Draining by Vehumet.
 26444 | Lair:5   | Reached skill level 1 in Maces & Flails
 26817 | Lair:5   | Noticed Josephine
 26834 | Lair:5   | Killed Josephine
 26834 | Lair:5   | Reached skill level 11 in Spellcasting
 27103 | Lair:5   | Got a warped glaive
 28234 | Lair:6   | HP: 3/78 [seven-headed hydra (12)]
 28448 | Lair:6   | Found a labyrinth entrance.
 28457 | Lab      | Entered a labyrinth
 28731 | Lab      | Noticed a minotaur
 28738 | Lab      | Killed a minotaur
 28738 | Lab      | Gained mutation: Your large and strong wings let you fly indefinitely. [Gargoyle growth]
 28738 | Lab      | Reached XP level 14. HP: 84/84 MP: 9/29
 28746 | Lab      | Got a translucent quarterstaff {pain}
 28875 | Lair:6   | Found a runed door.
 28876 | Lair:6   | Found a viscous altar of Jiyva.
 29064 | Lair:6   | Found a staircase to the Snake Pit.
 29415 | Lair:6   | Found a staircase to the Slime Pits.
 29415 | Lair:6   | Noticed an acid blob
 30052 | D:6      | Bought a scroll of blinking for 97 gold pieces
 30052 | D:6      | Bought a scroll of teleportation for 39 gold pieces
 32087 | Lair:7   | Got a slimy hand axe
 33058 | Lair:7   | Identified the +9 hand axe "Teckisoa" {holy, rPois rN++ MR- Dex+4} (You found it on level 7 of the Lair of Beasts)
 33060 | Lair:8   | Entered Level 8 of the Lair of Beasts
 33865 | Lair:8   | Found a shadowy altar of Dithmenos.
 34609 | Lair:8   | Offered knowledge of Iron Shot by Vehumet.
 34617 | Lair:8   | Learned a level 6 spell: Iron Shot
 36233 | Lair:8   | Got a distressingly furry helmet
 36251 | Lair:8   | Identified the +4 helmet of Greed {Slay+5} (You found it on level 8 of the Lair of Beasts)
 36756 | Orc:1    | Entered Level 1 of the Orcish Mines
 37774 | Orc:2    | Found Qegabune's Magic Scroll Boutique.
 37880 | Orc:2    | Bought a scroll of identify for 22 gold pieces
 38277 | Orc:1    | Reached XP level 15. HP: 90/90 MP: 14/30
 38482 | Orc:2    | Reached ****** piety under Vehumet
 38482 | Orc:2    | Offered knowledge of Poison Arrow by Vehumet.
 39002 | Orc:4    | Entered Level 4 of the Orcish Mines
 39005 | Orc:4    | Noticed Azrael
 39249 | Orc:3    | Killed Azrael
 39404 | Orc:3    | Reached skill level 12 in Earth Magic
 40225 | Orc:3    | Found a staircase to the Elven Halls.
 40930 | Orc:4    | Noticed Donald
 41423 | Orc:3    | Upgraded the game from 0.17-a0-2220-g6fea741 to 0.17-a0-2231-gd80ca38
 41866 | Orc:4    | Killed Donald
 42138 | Orc:4    | Paralysed by an orc sorcerer for 4 turns
 42310 | Orc:4    | Noticed Rupert
 42321 | Orc:4    | Killed Rupert
 42461 | Orc:4    | Offered knowledge of Spellforged Servitor by Vehumet.
 43681 | Orc:4    | Reached skill level 10 in Conjurations
 45273 | Orc:4    | Found Mutuluas's Weapon Shop.
 45273 | Orc:4    | Found Wuablon's Gadget Shop.
 45274 | Orc:4    | Found Vaboqysch's Book Shop.
 45274 | Orc:4    | Found Udoidokh's Jewellery Boutique.
 45298 | Orc:4    | Bought an uncursed amulet of resist corrosion for 300 gold pieces
 45298 | Orc:4    | Bought an uncursed amulet of clarity for 300 gold pieces
 45804 | Elf:1    | Entered Level 1 of the Elven Halls
 45843 | Elf:1    | Found a radiant altar of Vehumet.
 46325 | Elf:1    | Found Ceskekeriva's Gadget Shoppe.
 47266 | Elf:1    | You are sucked into a shaft!
 47514 | Elf:1    | Offered knowledge of Conjure Ball Lightning by Vehumet.
 48629 | Elf:1    | Identified Sif Muna's Collected Works on Black Rites
 48873 | Elf:2    | Reached skill level 5 in Maces & Flails
 49110 | Elf:2    | Reached skill level 10 in Fighting
 49380 | Elf:2    | Reached XP level 16. HP: 70/97 MP: 18/32
 49491 | Elf:2    | Found a runed gate.
 49491 | Elf:2    | Found a runed gate.
 49642 | Elf:2    | Noticed Roxanne
 49726 | Elf:2    | Killed Roxanne
 49888 | Elf:2    | Identified Roxanne's Tome of Earthen Transmutation (You took it off Roxanne on level 2 of the Elven Halls)
 49915 | Elf:2    | Found a runed gate.
 50544 | Lair:2   | Identified the cursed +1 quarterstaff of Xom's Indignation {pain, +Inv rF- MP+9 SInv} (You took it off a minotaur in a labyrinth)
 51148 | Elf:2    | Noticed a deep elf blademaster
 53740 | Orc:4    | Bought the Volume of Flying Augmentations for 699 gold pieces
 53743 | Orc:4    | Learned a level 2 spell: Repel Missiles
 54049 | Shoals:1 | Entered Level 1 of the Shoals
 54281 | Lair:3   | Reached skill level 13 in Spellcasting
 57396 | Shoals:1 | Reached XP level 17. HP: 18/104 MP: 10/34
 57793 | Lair:2   | Learned a level 3 spell: Ignite Poison
 57872 | Snake:1  | Entered Level 1 of the Snake Pit
 57908 | Snake:1  | Got a pair of distressingly furry boots
 57929 | Snake:1  | Identified the +1 pair of boots of Exzoericis {Dex+3 Stlth+} (You found it on level 1 of the Snake Pit)
 60850 | Snake:2  | Noticed Wiglaf
 60860 | Snake:2  | Found a white marble altar of Elyvilon.
 63190 | Snake:3  | Found a snail-covered altar of Cheibriados.
 63935 | Snake:4  | Entered Level 4 of the Snake Pit
 64104 | Snake:3  | Reached skill level 14 in Spellcasting
 64857 | Snake:4  | Reached XP level 18. HP: 75/110 MP: 36/36
 65907 | Snake:4  | Found a blossoming altar of Fedhas.
 66578 | Snake:3  | Reached skill level 10 in Evocations
 68037 | Snake:4  | Offered knowledge of Fire Storm by Vehumet.
 68037 | Snake:4  | Offered knowledge of Glaciate by Vehumet.
 68037 | Snake:4  | Offered knowledge of Shatter by Vehumet.
 68830 | Snake:4  | Got a serpentine rune of Zot
 69254 | Lair:2   | Gained mutation: You are surrounded by a mild repulsion field (EV +2). [potion of beneficial mutation]
 69255 | Lair:2   | Gained mutation: You possess an exceptional clarity of mind. [potion of beneficial mutation]
 69436 | D:12     | Noticed Maud
 69491 | D:12     | Killed Maud
 69512 | D:12     | Noticed Gastronok
 69538 | D:12     | Killed Gastronok
 69931 | D:12     | Noticed Fannar
 70137 | D:12     | Reached skill level 15 in Spellcasting
 70465 | D:12     | Reached XP level 19. HP: 116/116 MP: 9/38
 70619 | D:12     | Killed Fannar
 71372 | D:13     | Reached skill level 15 in Earth Magic
 71966 | D:13     | Got a scorched shortbow
 73158 | D:14     | Found a gate to the Vaults.
 73319 | D:15     | Entered Level 15 of the Dungeon
 73954 | D:15     | Found a staircase to the Depths.
 75781 | Shoals:3 | Found Fiuzas's Book Shoppe.
 76199 | Shoals:4 | Entered Level 4 of the Shoals
 76519 | Shoals:4 | Noticed Ilsuiw
 77086 | Shoals:4 | Killed Ilsuiw
 77254 | Shoals:4 | Got a pitted bronze ring
 77865 | Shoals:4 | Reached skill level 16 in Spellcasting
 78124 | Shoals:4 | Reached XP level 20. HP: 108/124 MP: 30/40
 78464 | Shoals:4 | Got a barnacled rune of Zot
 79438 | Lair:2   | Identified the ring of Eternal Harmony {rPois Int+4 Dex+6} (You took it off a siren on level 4 of the Shoals)
 79623 | Vaults:1 | Entered Level 1 of the Vaults
 79677 | Vaults:1 | Found a portal to a secret trove of treasure.
 80718 | Vaults:1 | Got a transparent robe
 80737 | Vaults:1 | Identified the +4 robe of Satisfaction {rElec rPois rCorr Dex-2} (You found it on level 1 of the Vaults)
 81654 | Vaults:1 | Upgraded the game from 0.17-a0-2231-gd80ca38 to 0.18-a0-1-gfac8111
 82366 | Vaults:2 | Found Guynk's Weapon Boutique.
 83424 | Vaults:2 | Reached skill level 17 in Spellcasting
 84366 | Vaults:3 | Reached XP level 21. HP: 121/132 MP: 39/42
 85219 | Vaults:3 | Found Atep's Gadget Boutique.
 86325 | Vaults:3 | Found a staircase to the Crypt.
 86608 | Vaults:2 | HP: 3/132 [deep troll[an ironheart preserver] (16)]
 86608 | Vaults:2 | Slain by a deep troll shaman

Vault maps used:
D:1:      dpeg_arrival_windows_large_door
D:2:      old_standard_altar, evilmike_ruin_ashenzari
D:3:      minitemple, nicolae_overflow_crystal_walls
D:4:      gammafunk_temple_overflow_pools, minmay_temple_entry_butterflies
D:5:      first_bread, uniq_prince_ribbit1
D:6:      kennysheep_mini, serial_shops, shop,
          nicolae_ru_great_annihilating_truth
D:7:      lemuel_slime, grunt_temple_overflow_order_and_chaos_1,
          grunt_ogre_cave, sword_in_stone
D:8:      okawaru_altar_gauntlet_db, basic_altar, uniq_maurice
D:9:      lemuel_doored_altar, uniq_erica
D:10:     basic_altar, kennysheep_generic_room_5
D:11:     grunt_lair_entry_elf_guard_hut, hiddenorc2_lemuel, hex_tiny
D:12:     minmay_triangles_in_corner, uniq_fannar, uniq_maud, uniq_gastronok
D:13:     minmay_lizard_king
D:14:     david_vaults_4, serial_bayou_pond_e
D:15:     gammafunk_depths_entry_grave, minmay_misc_feat_chi
Temple:   circular_temple_6
Lair:1:   fungi_pond_lemuel, pond, bh_autumn_forest_stairs, lemuel_fruit_fields
Lair:2:   beast_lair_carwin_4, serial_bayou_shore_b
Lair:3:   minmay_lair_oklob_items, elwin_shoals_entry_rooms, beast_lair_carwin_9
Lair:5:   beast_lair_carwin_1, uniq_josephine
Lair:6:   dummy_snake_entry, slime_altar_2, lab_entry_generic,
          nicolae_quartered_pool_super
Lair:7:   lemuel_fruit_tree, grunt_megastairs_3
Lair:8:   due_jungle_book, lemuel_oklob_altar
Shoals:3: serial_shops, shop, nicolae_shoals_seven_spires
Shoals:4: shoals_end_grunt_garden, shoals_ilsuiw_ice, nicolae_shoals_wave_tunnel
Snake:1:  serial_bayou_shore_b
Snake:2:  dpeg_oklob_gauntlet, basic_altar, grunt_ministairs_11, uniq_wiglaf
Snake:3:  basic_altar, grunt_megastairs_2
Snake:4:  snake_pit, basic_altar, grunt_megastairs_4
Orc:2:    serial_shops, shop_fountains, nicolae_orc_bridge_out
Orc:3:    nicolae_orc_pool_cavern, statue_in_the_mist_lemuel,
          elves_outpost_lemuel
Orc:4:    st_orc_pillars, uniq_azrael, uniq_donald, uniq_rupert
Elf:1:    eino_elf_arrival_altar, serial_shops, shop, minmay_elf_necromancy
Elf:2:    uniq_roxanne
Vaults:1: ontoclasm_vaults_ring_square, ontoclasm_vaults_idyll, v_misc_31,
          nicolae_vaults_circle_grid_a, hangedman_vaults_variations,
          grunt_vaults_hallway_short, grunt_vaults_hallway_short,
          ontoclasm_vaults_pinch, vaults_room_large_hall,
          ontoclasm_vaults_ring_small, nicolae_trove_entry_diagonal
Vaults:2: nicolae_vaults_hallways_thing, nicolae_vaults_alarming,
          hangedman_vaults_corner, v_misc_26, v_pattern_1, grunt_vaults_funnel,
          serial_shops, shop
Vaults:3: st_squares, vaults_room_corners, nicolae_vaults_mini_display_case,
          blue_anna_dwarven_crypt, nicolae_vaults_ring_of_whatevers,
          nicolae_vaults_stairing_the_circle, vaults_room_boxed,
          vaults_dpeg_doors, hangedman_vaults_snaps, v_alt_pattern_1, v_misc_24,
          nicolae_vaults_border_crossing, serial_shops, nicolae_shop_stone
Lab:      labyrinth_spiral, nicolae_lab_do_over, nicolae_lab_starburst,
          lab_hedge, nicolae_lab_plus

Action                   |  1- 3 |  4- 6 |  7- 9 | 10-12 | 13-15 | 16-18 | 19-21 || total
-------------------------+-------+-------+-------+-------+-------+-------+-------++-------
Melee: Mace              |    23 |       |       |       |       |       |       ||    23
       Club              |     6 |       |       |       |       |       |       ||     6
       Whip              |       |    23 |       |     1 |   374 |  1076 |  1538 ||  3012
       Quarterstaff      |       |    16 |   142 |   233 |    21 |       |       ||   412
       Trident           |       |    12 |       |       |       |       |       ||    12
       Staff             |       |       |       |       |     3 |    27 |       ||    30
 Fire: Hunting sling     |       |     5 |    50 |   127 |    98 |       |       ||   280
Throw: Javelin           |     1 |    24 |    16 |    29 |    37 |   191 |   154 ||   452
       Stone             |       |       |     1 |       |     2 |       |       ||     3
       Tomahawk          |       |       |       |    21 |   111 |    87 |     7 ||   226
       Throwing net      |       |       |       |       |       |       |     1 ||     1
 Cast: Sandblast         |    55 |    53 |   135 |   362 |   130 |     9 |     3 ||   747
       Stoneskin         |       |     2 |    14 |    55 |   160 |   116 |   105 ||   452
       Stone Arrow       |       |     1 |     6 |   156 |   808 |   402 |   296 ||  1669
       Mephitic Cloud    |       |       |     2 |    12 |    18 |     8 |     4 ||    44
       Lee's Rapid Decon |       |       |       |     2 |    33 |    48 |    71 ||   154
       Bolt of Magma     |       |       |       |       |    47 |    80 |    61 ||   188
       Iron Shot         |       |       |       |       |    79 |    96 |    71 ||   246
       Conjure Flame     |       |       |       |       |     1 |       |       ||     1
       Fireball          |       |       |       |       |     1 |    13 |    47 ||    61
       Repel Missiles    |       |       |       |       |       |    26 |    24 ||    50
       Ignite Poison     |       |       |       |       |       |    10 |       ||    10
 Abil: Fly               |       |       |       |       |     1 |     1 |     1 ||     3
       Stop Flying       |       |       |       |       |       |     2 |       ||     2
Evoke: Wand              |       |       |     1 |     1 |     8 |     6 |     1 ||    17
  Use: Scroll            |       |       |     3 |     8 |    30 |    23 |     7 ||    71
       Potion            |       |       |       |       |     3 |    15 |       ||    18
 Stab: Sleeping          |       |     1 |     3 |       |       |     1 |     5 ||    10
       Invisible         |       |       |     1 |       |       |       |       ||     1
       Confused          |       |       |       |     1 |       |       |       ||     1
       Distracted        |       |       |       |       |       |     1 |     1 ||     2
  Eat: Chunk             |     1 |     4 |     4 |    22 |    56 |    12 |    46 ||   145
       Bread ration      |     1 |       |     2 |       |     9 |     8 |     1 ||    21
       Beef jerky        |       |     1 |     1 |     8 |     1 |     4 |     3 ||    18
       Royal jelly       |       |     1 |       |       |       |       |     1 ||     2
       Fruit             |       |       |     2 |     4 |    19 |     1 |     8 ||    34
       Pizza             |       |       |       |     2 |     4 |     3 |     1 ||    10
       Meat ration       |       |       |       |       |     1 |    10 |       ||    11
